Map: Prion Terraces

Players

Hindulaatti

  • Race: Terran Terran
  • League: Diamond

Odin - Winner!

  • Race: Protoss Protoss
  • League: Diamond

VOD

Have the link to the VOD?

Description

Time

  • Played on: Jan. 7, 2016, 11:26 a.m.
  • Length: 12:12
Show
View Real Time Build Order
Export as new Build Order

Hindulaatti Terran 

Build Orders: Reaper Expand 

Get SALT Encoding   

  12  0:01  SCV  
  13  0:13  SCV  
  14  0:17  Supply Depot  
  14  0:25  SCV  
  15  0:39  SCV  
  15  0:41  Barracks  
  16  0:45  Refinery  
  16  0:51  SCV  
  17  1:03  SCV  
  18  1:15  SCV  
  19  1:28  Orbital Command  
  19  1:30  Reaper  
  19  1:31  Supply Depot  
  20  1:48  Command Center  
  21  1:54  SCV  
  21  2:03  Refinery  
  21  2:04  Barracks Reactor  
  21  2:07  SCV  
  22  2:19  SCV  
  23  2:31  SCV  
  24  2:40  Marine  
  24  2:41  Marine  
  24  2:43  SCV  
  27  2:55  Factory, SCV  
  28  2:58  Marine x2  
  30  3:12  Bunker, SCV  
  31  3:21  Marine x2  
  31  3:24  SCV  
  31  3:26  Barracks  
  31  3:27  Engineering Bay, Barracks  
  34  3:30  Orbital Command  
  34  3:34  Refinery  
  34  3:39  Marine x2  
  36  3:42  Factory Tech Lab  
  36  3:44  SCV  
  37  3:53  Terran Infantry Weapons Level 1  
  37  3:56  Marine, SCV  
  37  3:57  Marine  
  37  4:00  Supply Depot  
  40  4:04  SCV  
  40  4:07  Engineering Bay  
  41  4:16  Supply Depot  
  41  4:19  Barracks Tech Lab, Barracks Reactor  
  41  4:25  Supply Depot  
  44  4:31  Cyclone  
  44  4:32  Marine  
  44  4:33  Marine  
  44  4:36  SCV  
  44  4:37  SCV  
  48  4:53  Command Center  
  48  4:55  SCV  
  48  4:56  SCV  
  50  5:08  Starport  
  50  5:10  Stimpack  
  50  5:13  Marine x2  
  52  5:14  Barracks Reactor  
  52  5:15  Marauder  
  52  5:18  SCV x2  
  56  5:28  Supply Depot  
  56  5:30  Supply Depot  
  56  5:33  Cyclone, Marine  
  56  5:34  Marine  
  61  5:38  Terran Infantry Armor Level 1  
  61  5:45  SCV, Armory  
  61  5:49  SCV  
  62  5:56  Marauder, Marine x3  
  62  5:57  Marine, SCV  
  68  6:02  SCV  
  70  6:07  Orbital Command  
  70  6:09  SCV  
  71  6:12  Siege Tank  
  71  6:14  SCV  
  71  6:15  Medivac  
  71  6:18  Medivac  
  79  6:24  SCV  
  80  6:26  Marine x4, SCV  
  80  6:29  Marauder  
  87  6:40  Refinery  
  87  6:45  Medivac  
  87  6:46  Terran Infantry Weapons Level 2  
  89  6:49  Orbital Command  
  89  6:57  Marine x2  
  89  6:58  Marine x3  
  89  7:01  Medivac  
  96  7:14  SCV x2  
  96  7:15  Marine  
  99  7:23  Terran Vehicle Weapons Level 1  
  99  7:26  Marauder  
  101  7:38  Supply Depot  
  101  7:39  Supply Depot  
  101  7:43  Supply Depot  
  101  7:53  Siege Tank  
  101  7:57  Marine x2  
  101  7:58  SCV  
  101  7:59  Marine x2, SCV x2  
  101  8:00  Marauder  
  101  8:05  Medivac  
  109  8:11  SCV  
  110  8:13  Refinery x2  
  110  8:15  Bunker, Marine x2  
  110  8:17  Marine x2  
  114  8:21  Marauder  
  114  8:25  Siege Tank  
  104  8:33  Marine x2  
  100  8:35  Marine x2  
  100  8:39  Medivac x2  
  106  8:42  Marauder  
  108  8:48  Barracks  
  108  8:49  Barracks  
  108  8:51  Supply Depot, Marine x2, Barracks x2  
  108  8:52  Supply Depot x2, Marine x2  
  108  8:54  Liberator  
  112  8:57  Supply Depot  
  112  9:02  Supply Depot  
  112  9:04  Marauder  
  112  9:09  Medivac, Marine x2  
  120  9:15  Terran Infantry Weapons Level 3, Terran Infantry Armor Level 2  
  120  9:16  Command Center  
  121  9:29  Marauder, Marine x4, Siege Tank  
  130  9:39  Medivac  
  130  9:41  Barracks Reactor x2  
  130  9:42  Barracks Tech Lab x2  
  122  9:47  Marine x3  
  100  10:25  Marine x2  
  100  10:26  Marauder, Marine x3  
  100  10:27  Marauder x2, Marine x3  
  100  10:28  Medivac x2, Siege Tank  
  107  10:35  SCV x3  
  113  10:38  Refinery  
  113  10:43  Marine  
  113  10:45  Orbital Command  
  113  10:47  Marauder, SCV x3  
  118  10:51  Marauder, Marine  
  118  10:52  Marauder, Marine x6  
  106  10:58  Medivac x2  
  106  10:59  Refinery  
  106  11:00  Siege Tank  
  106  11:01  Marine  
  101  11:08  Marine  
  101  11:09  Marine x2  
  84  11:23  Marauder, Marine x3  
  84  11:24  Marauder, Marine x3  
  90  11:26  Marauder  
  90  11:27  Marine x2  
  93  11:38  Medivac x2, Siege Tank  
  100  11:41  Marine x4  
  100  11:42  Marine x2  
  100  11:45  Marauder  
  93  11:54  Marine x3  
Show
View Real Time Build Order
Export as new Build Order

Odin Protoss - Winner!

Build Orders: Zealot Archon 

Get SALT Encoding   

  12  0:01  Probe (Chrono Boost)  
  13  0:11  Probe (Chrono Boost)  
  14  0:23  Pylon  
  14  0:27  Probe (Chrono Boost)  
  15  0:41  Probe (Chrono Boost)  
  16  0:43  Gateway  
  16  0:51  Probe (Chrono Boost)  
  16  0:55  Assimilator  
  17  1:02  Probe (Chrono Boost)  
  18  1:09  Pylon  
  18  1:13  Probe (Chrono Boost)  
  19  1:23  Probe (Chrono Boost)  
  20  1:32  Cybernetics Core  
  20  1:39  Probe (Chrono Boost)  
  21  1:46  Nexus  
  21  1:57  Pylon  
  21  2:00  Probe (Chrono Boost)  
  22  2:13  Mothership Core (Chrono Boost)  
  24  2:17  Warp Gate  
  24  2:29  Assimilator  
  24  2:31  Probe (Chrono Boost)  
  25  2:38  Stalker  
  27  2:50  Probe (Chrono Boost)  
  28  3:01  Probe (Chrono Boost)  
  28  3:02  Gateway  
  28  3:03  Probe (Chrono Boost)  
  30  3:05  Pylon  
  30  3:11  Probe (Chrono Boost)  
  31  3:14  Probe (Chrono Boost)  
  31  3:17  Pylon  
  31  3:18  Sentry  
  34  3:22  Probe (Chrono Boost)  
  34  3:25  Probe (Chrono Boost)  
  36  3:32  Probe (Chrono Boost)  
  37  3:35  Probe (Chrono Boost)  
  38  3:43  Probe (Chrono Boost)  
  38  3:44  Robotics Facility  
  38  3:46  Forge, Probe (Chrono Boost)  
  40  3:56  Probe (Chrono Boost)  
  40  3:59  Probe (Chrono Boost)  
  40  4:00  Assimilator  
  42  4:05  Assimilator  
  42  4:07  Probe (Chrono Boost)  
  42  4:09  Probe (Chrono Boost)  
  44  4:17  Probe (Chrono Boost)  
  45  4:24  Adept x2  
  45  4:26  Probe (Chrono Boost)  
  45  4:27  Protoss Ground Armor Level 1  
  45  4:28  Probe (Chrono Boost)  
  51  4:37  Probe (Chrono Boost)  
  51  4:38  Observer, Probe (Chrono Boost)  
  54  4:41  Gateway  
  54  4:46  Pylon  
  54  4:47  Probe (Chrono Boost)  
  54  4:49  Probe (Chrono Boost)  
  54  4:50  Gateway  
  56  4:56  Stalker x2  
  56  4:58  Probe (Chrono Boost)  
  56  4:59  Probe (Chrono Boost)  
  62  5:05  Observer (Chrono Boost)  
  63  5:08  Probe (Chrono Boost)  
  63  5:10  Probe (Chrono Boost)  
  65  5:17  Probe  
  65  5:19  Twilight Council  
  66  5:31  Probe  
  67  5:37  Adept  
  67  5:38  Adept  
  75  5:43  Nexus, Immortal (Chrono Boost)  
  75  5:46  Pylon  
  75  5:47  Probe  
  75  5:48  Probe  
  77  6:00  Probe  
  78  6:15  Blink (Chrono Boost)  
  78  6:16  Templar Archives  
  78  6:17  Stalker x4  
  86  6:25  Protoss Ground Armor Level 2 (Chrono Boost)  
  86  6:29  Gateway  
  86  6:31  Gateway  
  86  6:32  Pylon  
  86  6:38  Forge  
  86  6:44  Psionic Storm  
  86  6:45  Assimilator  
  86  6:49  Assimilator  
  86  6:52  Immortal  
  90  6:55  Gateway  
  90  6:57  Gateway  
  90  7:06  High Templar x2  
  90  7:07  Stalker  
  96  7:08  Zealot  
  98  7:19  Protoss Ground Weapons Level 1 (Chrono Boost)  
  98  7:31  Archon  
  98  7:33  Stalker x2  
  98  7:34  Nexus  
  101  8:03  Stalker x4  
  109  8:16  Pylon  
  109  8:17  Pylon  
  108  8:20  Pylon  
  102  8:29  Probe  
  102  8:31  Probe x2  
  101  8:36  Immortal (Chrono Boost)  
  105  8:43  Gateway  
  105  8:44  High Templar x4  
  105  8:45  Adept, Gateway  
  105  8:46  Adept x3  
  105  8:47  Gateway  
  121  8:53  Protoss Ground Armor Level 3 (Chrono Boost)  
  121  8:56  Resonating Glaives (Chrono Boost)  
  121  8:58  Probe x2  
  121  9:00  Probe x2  
  125  9:21  Stalker x5  
  125  9:22  Stalker  
  125  9:23  Pylon x2, Stalker  
  139  9:25  Gateway  
  139  9:28  Gateway  
  139  9:31  High Templar  
  141  9:52  Adept  
  141  9:53  Adept x2, Zealot  
  141  9:54  Zealot x3  
  139  10:25  Stalker  
  139  10:26  Stalker x6  
  139  10:27  Stalker  
  155  10:35  Gateway  
  155  10:37  Gateway  
  155  10:40  Gateway  
  155  10:42  Gateway  
  155  10:44  Nexus  
  155  10:45  Pylon  
  155  10:46  Pylon  
  155  10:49  Assimilator  
  155  10:51  Assimilator  
  136  11:06  Archon x2  
  132  11:12  Probe x2  
  132  11:14  Assimilator  
  134  11:18  Pylon  
  134  11:19  Stalker  
  134  11:20  Assimilator, Stalker x5  
  134  11:21  Pylon, Stalker x2  
  134  11:23  Gateway  
  134  11:24  Pylon  
  134  11:25  Robotics Facility, Gateway  
  138  11:55  Probe x2  
Tags
 
Add a new tag
Caveats
  • Supply blocks, unpowered buildings, or Contaminate may cause inaccurate times.
  • Supply counts are checked every 10 seconds.